 Dungeon Crawl Stone Soup version 0.26.1-11-gd32895ea62 (webtiles) character file.

Game seed: 809664999945178905

2513 Eitelfritz the Carver (level 9, -3/75 HPs)
             Began as a Minotaur Gladiator on Apr 18, 2021.
             Was a Follower of Uskayaw.
             Slain by an unseen horror (6 damage)
             ... on level 7 of the Dungeon.
             The game lasted 00:17:25 (7997 turns).

Eitelfritz the Carver (Minotaur Gladiator)          Turns: 7997, Time: 00:17:26

Health: -3/75      AC:  8    Str: 19    XL:     9   Next: 29%
Magic:  11/11      EV: 15    Int:  8    God:    Uskayaw [*.....]
Gold:   260        SH:  0    Dex: 15    Spells: 8/8 levels left

rFire    + . .     SeeInvis .   a - +11 long sword "Gomubang" {freeze, rF+ rC- rN++ Dex+3}
rCold    x . .     Faith    .   (no shield)
rNeg     + + .     Spirit   .   F - +0 troll leather armour
rPois    .         Reflect  .   c - +0 hat
rElec    .         Harm     .   G - +0 cloak
rCorr    +         Rampage  .   k - +1 pair of gloves
Will     .....                  (no boots)
Stlth    ++........             (no amulet)
HPRegen  0.62/turn              t - ring of resist corrosion
MPRegen  0.12/turn              w - ring of flight

@: lethally poisoned (-3 -> -4), hasted, very quick
A: retaliatory headbutt, horns 2
a: Renounce Religion, Evoke Flight, Stomp


You were on level 7 of the Dungeon.
You worshipped Uskayaw.
Uskayaw was noncommittal.
You visited 1 branch of the dungeon, and saw 7 of its levels.
You also visited: Sewer.

You collected 482 gold pieces.
You spent 222 gold pieces at shops.

Inventory:

Hand Weapons
 a - the +11 long sword "Gomubang" (weapon) {freeze, rF+ rC- rN++ Dex+3}
   (You took it off an orc warrior on level 7 of the Dungeon)

   It has been specially enchanted to freeze those struck by it, causing extra
   injury to most foes and up to half again as much damage against particularly
   susceptible opponents.
   It can also slow down cold-blooded creatures.
   It affects your dexterity (+3).
   It protects you from fire.
   It makes you vulnerable to cold.
   It greatly protects you from negative energy.
 b - a +0 shortbow
 x - a +0 flail
 D - a +1 long sword
Missiles
 d - 4 throwing nets
 f - 42 poisoned darts (quivered)
 m - 76 arrows
 r - 2 silver boomerangs
Armour
 c - a +0 hat (worn)
 k - a +1 pair of gloves (worn)
 B - a +0 chain mail
 F - a +0 troll leather armour (worn)
 G - a +0 cloak (worn)
Jewellery
 p - a +6 ring of intelligence
 t - a ring of resist corrosion (left hand)
 w - a ring of flight (right hand)
 z - an uncursed ring of poison resistance {unknown}
Wands
 y - a wand of iceblast (11)
Scrolls
 e - 2 scrolls of fog
 h - 2 scrolls of enchant weapon
 j - 2 scrolls of teleportation
 l - 2 scrolls of remove curse
 v - a scroll of fear
 E - a scroll of identify
Potions
 g - a potion of invisibility
 i - 4 potions of lignification
 n - 2 potions of mutation
 o - 2 potions of brilliance
 q - a potion of haste
 s - 3 potions of flight
 u - a potion of curing {unknown}
 A - a potion of cancellation {unknown}
 C - a potion of attraction {unknown}


   Skills:
 + Level 5.7 Fighting
 + Level 9.5 Long Blades
 + Level 3.9 Bows
 + Level 3.1 Throwing
 + Level 6.3 Armour
 + Level 5.1 Dodging
 + Level 1.2 Stealth
 * Level 4.0 Invocations


You had 8 spell levels left.
You didn't know any spells.
Your spell library was empty.

Dungeon Overview and Level Annotations

Branches:
Dungeon (7/15)             Temple (0/1) D:5           Sewer (visited)

Altars:
Ru
Uskayaw
Vehumet
Xom
Yredelemnul

Shops:
D:4 ?

Annotations:
D:4 Prince Ribbit
D:7 1 transporter


Innate Abilities, Weirdness & Mutations

You reflexively headbutt those who attack you in melee.
You have a pair of horns on your head.


Message History

You feel sick. Something barely misses you. Something hits you.
Things that are here:
a cursed -2 giant spiked club; an ogre corpse You closely miss something.
Something hits you but does no damage. Something hits you!
* * * LOW HITPOINT WARNING * * *
Something hits you.
* * * LOW HITPOINT WARNING * * *
You closely miss something. You headbutt something. Something hits you.
* * * LOW HITPOINT WARNING * * *
Something hits you but does no damage. Something barely misses you.
You feel sick. Something hits you!
* * * LOW HITPOINT WARNING * * *
Something closely misses you.
You feel yourself speed up. Something hits you but does no damage.
Something hits you!
* * * LOW HITPOINT WARNING * * *
Unknown command.
Something hits you.
You die...

##.# #.....##(......##....# #.#..
##.###.###.#8..#.#..8#....# #.#.#
#.......##.#$$#...#..#.#### #....
#..........#.?.$.....#...# ####.
#....>....©#_$....©..#©..# #.
'.......'..#.(.....).#...# #.
#.......##.#$$#...#..#...# #<
#.......##.#8..#.#..8#...########
##########.##...@...##...........
#..#########....########
##......................
#######################


There were no monsters in sight!

Vanquished Creatures
  A troll (D:7)
  Sigmund (D:5)
  A water moccasin (Sewer)
  2 orc warriors
  A black bear (D:7)
  A necrophage (D:7)
  An ice beast (D:6)
  3 phantoms
  4 ogres
  2 centaurs
  A jelly (D:6)
  Crazy Yiuf (D:7)
  2 orc priests (D:6)
  3 hounds
  A centaur skeleton (D:5)
  An iguana (D:3)
  6 worker ants
  A hound zombie (D:6)
  9 gnolls
  4 river rats (D:6)
  12 adders
  2 shadow imps
  4 ufetubi
  An adder zombie (D:5)
  2 adder skeletons (D:7)
  A worm (D:2)
  4 dart slugs
  4 leopard geckos
  18 orcs
  8 giant cockroaches
  7 goblins
  2 hobgoblins
  15 jackals
  5 kobolds
  10 bats
  5 frilled lizards
  4 leopard gecko skeletons
  5 rats
155 creatures vanquished.

Vanquished Creatures (others)
  8 plants (D:6)
8 creatures vanquished.

Grand Total: 163 creatures vanquished

Notes
Turn   | Place    | Note
-------+----------+-------------------------------------------
     0 | D:1      | Eitelfritz the Minotaur Gladiator began the quest for the
                  | Orb.
     0 | D:1      | Reached XP level 1. HP: 18/18 MP: 0/0
    56 | D:1      | You fall into a shaft and drop 1 floor!
   126 | D:1      | Reached XP level 2. HP: 23/25 MP: 1/1
   263 | D:1      | Reached skill level 4 in Long Blades
   844 | D:2      | Reached XP level 3. HP: 29/30 MP: 2/2
  1435 | D:2      | Reached XP level 4. HP: 32/38 MP: 3/3
  2090 | D:3      | Reached skill level 5 in Long Blades
  2153 | D:3      | Found a basalt altar of Yredelemnul.
  2155 | D:3      | Reached XP level 5. HP: 45/45 MP: 4/4
  2270 | D:3      | Reached skill level 1 in Armour
  3106 | D:4      | Noticed a phantom
  3132 | D:4      | Found a radiant altar of Vehumet.
  3137 | D:4      | Killed a phantom
  3138 | D:4      | Reached XP level 6. HP: 37/52 MP: 5/5
  3306 | D:4      | Reached skill level 6 in Long Blades
  3645 | D:4      | Found Dismufuofu's Magic Scroll Emporium.
  3650 | D:4      | Bought a scroll of remove curse for 36 gold pieces
  3650 | D:4      | Bought a scroll of identify for 24 gold pieces
  3650 | D:4      | Bought a scroll of identify for 24 gold pieces
  3650 | D:4      | Bought a scroll of noise for 12 gold pieces
  3650 | D:4      | Bought a scroll of remove curse for 36 gold pieces
  3650 | D:4      | Bought a scroll of identify for 24 gold pieces
  3650 | D:4      | Bought a scroll of fear for 42 gold pieces
  3650 | D:4      | Bought a scroll of fog for 24 gold pieces
  3893 | D:4      | Reached XP level 7. HP: 59/59 MP: 6/6
  4053 | D:5      | Entered Level 5 of the Dungeon
  4159 | D:5      | Noticed Prince Ribbit
  4191 | D:5      | Found a staircase to the Ecumenical Temple.
  4324 | D:5      | Found a hide-covered altar of Uskayaw.
  4331 | D:5      | Became a worshipper of Uskayaw the Reveller
  4358 | D:5      | Reached * piety under Uskayaw
  4375 | D:5      | Found Fici's Antique Armour Shoppe.
  4415 | D:5      | Found a glowing drain.
  4420 | D:5      | Reached skill level 7 in Long Blades
  4428 | Sewer    | Entered a sewer
  4434 | Sewer    | Reached ** piety under Uskayaw
  4462 | Sewer    | Reached skill level 1 in Invocations
  4627 | D:5      | Noticed Sigmund
  5005 | D:5      | Reached *** piety under Uskayaw
  5007 | D:5      | Killed Sigmund
  5572 | D:6      | Found a hide-covered altar of Uskayaw.
  5626 | D:6      | Found a sacrificial altar of Ru.
  5764 | D:6      | Reached XP level 8. HP: 4/67 MP: 8/8
  5770 | D:6      | Reached **** piety under Uskayaw
  5772 | D:6      | Reached skill level 8 in Long Blades
  5772 | D:6      | Reached skill level 5 in Armour
  6375 | D:6      | Reached skill level 1 in Stealth
  6494 | D:6      | Reached skill level 5 in Fighting
  6666 | D:7      | Reached skill level 5 in Dodging
  6710 | D:7      | Reached skill level 9 in Long Blades
  6710 | D:7      | Reached skill level 1 in Bows
  7069 | D:7      | Found a transporter.
  7080 | D:7      | Found a transporter.
  7225 | D:7      | Found a shimmering altar of Xom.
  7275 | D:7      | Found a runed translucent door.
  7276 | D:7      | Noticed Crazy Yiuf
  7353 | D:7      | Identified the +11 long sword "Gomubang" {freeze, rF+ rC-
                  | rN++ Dex+3}
  7380 | D:7      | Reached XP level 9. HP: 28/74 MP: 10/10
  7630 | D:7      | Noticed a troll
  7636 | D:7      | Killed a troll
  7916 | D:7      | Killed Crazy Yiuf
  7996 | D:7      | HP: 3/75 [something (9)]
  7997 | D:7      | Slain by an unseen horror

Illustrated notes

Levels and vault maps discovered:
D:1:      amcnicky_arrival_blooded_trapdoor, layout_loops_ring, serial_glass,
          glass_columns_a, glass_columns_a, minmay_misc_feat_enclosed
D:2:      layout_basic, minivault_27, minmay_misc_feat_nine_boxes
D:3:      layout_basic, yredelemnul_altar_generic, minmay_misc_feat_plants
D:4:      layout_loops_ring, vehumet_crystals, serial_shops, nicolae_shop_stone
D:5:      layout_loops_corners, minmay_temple_entry_overgrown,
          portal_sewer_entry_b, serial_shops, kennysheep_little_box,
          basic_altar, hangedman_decor_riveting, kennysheep_cross_room,
          uniq_sigmund, uniq_prince_ribbit1
D:6:      wad_woods_stonehenge, layout_layer_cave,
          eat_drink_and_be_merry_uskayaw
D:7:      layout_basic, gammafunk_temple_overflow_arena, uniq_crazy_yiuf_cottage

Skill      XL: |  1  2  3  4  5  6  7  8  9 |
---------------+----------------------------+-----
Long Blades    | 4 5 6 7 9 |  9.5
Fighting       | 3 4 5 |  5.7
Dodging        | 4 5 |  5.1
Throwing       | 3 |  3.1
Armour         | 2 3 4 6 |  6.3
Invocations    | 1 3 4 |  4.0
Stealth        | 1 |  1.2
Bows           | 2 3 |  3.9

Action                   |  1- 3 |  4- 6 |  7- 9 || total
-------------------------+-------+-------+-------++-------
Melee: Long sword        |    49 |   128 |   209 ||   386
       Headbutt          |     7 |    29 |    44 ||    80
 Fire: Shortbow          |       |       |    41 ||    41
Throw: Dart              |       |       |     4 ||     4
  Use: Scroll            |       |    10 |     6 ||    16
       Potion            |       |       |     6 ||     6
 Stab: Paralysed         |       |       |     3 ||     3
       Sleeping          |       |       |     1 ||     1
Armor: Leather armour    |    10 |    12 |       ||    22
       Scale mail        |       |    27 |    76 ||   103
       Troll leather arm |       |       |    14 ||    14
Dodge: Dodged            |    38 |    94 |   147 ||   279
       Rpst.: Long sword |    14 |    22 |    39 ||    75
